 Dungeon Crawl Stone Soup version 0.29-a0-284-gf9362112df (webtiles) character file.

Game seed: 14793036098508554660

18 Darius099 the Skirmisher (level 2, 0/20 HPs)
             Began as a Gargoyle Fighter on Mar 30, 2022.
             Slain by a gnoll
             ... wielding a +0 flail
              (4 damage)
             ... on level 2 of the Dungeon.
             The game lasted 00:01:42 (1007 turns).

Darius099 the Skirmisher (Gargoyle Fighter)         Turns: 1007, Time: 00:01:42

Health: 0/20       AC: 12    Str: 19    XL:     2   Next: 66%
Magic:  2/2        EV:  7    Int:  8    God:
Gold:   10         SH:  4    Dex:  9    Spells: 1/1 levels left

rFire   . . .      SeeInvis .   a - +0 flail
rCold   . . .      Faith    .   c - +0 buckler
rNeg    + . .      Spirit   .   e - +0 chain mail
rPois   ∞          Reflect  .   (no helmet)
rElec   +          Harm     .   (no cloak)
rCorr   .          Rampage  .   (no gloves)
Will    .....                   (no boots)
Stlth   ..........              (no amulet)
HPRegen 0.06/turn               (no ring)
MPRegen 0.08/turn               (no ring)

@: no status effects
A: sickness immunity, AC +2, negative energy resistance 1, electricity
resistance, torment resistance 1, petrification resistance
a: no special abilities


You were on level 2 of the Dungeon.
You visited 1 branch of the dungeon, and saw 2 of its levels.

You collected 10 gold pieces.

Inventory:

Hand Weapons
 a - a +0 flail (weapon)
Armour
 c - a +0 buckler (worn)
 e - a +0 chain mail (worn)
Scrolls
 f - a scroll of identify {unknown}
Potions
 b - a potion of brilliance {unknown}
 d - 3 potions of might
 g - a potion of degeneration {unknown}
 h - a potion of lignification {unknown}


   Skills:
 + Level 3.7 Fighting
 + Level 2.3 Maces & Flails
 + Level 3.4 Armour
 + Level 3.4 Shields


You had one spell level left.
You didn't know any spells.
Your spell library was empty.

Dungeon Overview and Level Annotations

Branches:
Dungeon (2/15)

Altars:

Shops:
D:1 !


Innate Abilities, Weirdness & Mutations

You are immune to sickness and miasma.
Your stone body is resilient. (AC +2)
You are immune to poison.
You resist negative energy. (rN+)
You are resistant to electric shocks. (rElec)
You are resistant to unholy torment.
You are immune to petrification.


Message History

You hit the worm.
The worm is almost dead.
You hit the worm.
You kill the worm!
You see here a worm corpse.
You open the door.
There is an open door here.
Found a purple potion.
A gnoll comes into view. It is wielding a +0 flail.
Found 6 gold pieces.
The gnoll shouts!
You hear a shout! x2
An endoplasm comes into view.
The endoplasm quivers.
A gnoll comes into view. It is wielding a +0 whip of freezing.
A gnoll comes into view. It is wielding a +2 whip of flaming.
Found a scroll of immolation.
Found a faded altar of an unknown god.
The gnoll shouts!
You block the gnoll's attack.
You closely miss the gnoll. The gnoll barely misses you.
The gnoll hits you with a +0 flail.
You closely miss the gnoll. You block the gnoll's attack.
The gnoll hits you with a +0 flail.
You closely miss the gnoll. The gnoll hits you with a +0 flail.
The gnoll hits you but does no damage.
You completely miss the gnoll. The gnoll hits you but does no damage.
The gnoll barely misses you.
You closely miss the gnoll. The gnoll hits you but does no damage.
The gnoll closely misses you.
You closely miss the gnoll. You block the gnoll's attack.
The gnoll closely misses you.
You barely miss the gnoll. The gnoll closely misses you.
The gnoll hits you with a +0 whip of freezing.
The gnoll freezes you. The gnoll hits you but does no damage.
You closely miss the gnoll.
The gnoll hits you with a +2 whip of flaming.
The gnoll burns you. The gnoll hits you with a +0 flail.
* * * LOW HITPOINT WARNING * * *
The gnoll hits you but does no damage.
You closely miss the gnoll. The gnoll hits you with a +0 flail.
You die...

. . .#.# ..
##..# ...# ...
#..#. #$.# ...
._..# ..##.###
.. .... .......#
....#..##..#...#
....!..#..# ...#
#g@g##...#
.......##g..#
.........J#.#
######+####'##
#......†....#
#...........#
+.........<.#
#......######
#......


You could see 3 gnolls and an endoplasm.

Vanquished Creatures
  A worm (D:2)
  A ball python (D:1)
  2 endoplasms (D:1)
  A goblin (D:1)
  2 hobgoblins (D:1)
  2 quokkas (D:1)
  A bat (D:1)
  3 frilled lizards (D:1)
  A kobold (D:1)
14 creatures vanquished.

Notes
Turn   | Place    | Note
-------+----------+-------------------------------------------
     0 | D:1      | Darius099 the Gargoyle Fighter began the quest for the Orb.
     0 | D:1      | Reached XP level 1. HP: 14/14 MP: 1/1
    17 | D:1      | Found Wucvol's Distillery.
   146 | D:1      | Reached XP level 2. HP: 10/20 MP: 2/2
   996 | D:2      | Found a faded altar of an unknown god.
  1007 | D:2      | Slain by a gnoll

Illustrated notes

Levels and vault maps discovered:
D:1:      minmay_arrival_cross, layout_basic, serial_shops, shop
D:2:      layout_basic, hellmonk_ecumenical_altar_blasted

Action                   || total
-------------------------++-------
Melee: Flail             ||    59
Armor: Chain mail        ||    31
       Scale mail        ||     2
Dodge: Dodged            ||    25
Block: Buckler           ||     9

Table legend: (Time is in decaauts)
 A = Elapsed time spent in this place.
 B = Non-inter-level travel time spent in this place.
 C = Inter-level travel time spent in this place.
 D = Time resting spent in this place.
 E = Time spent auto-exploring this place.
 F = Levels seen in this place.
 G = Mean time per level.
                   A        B        C        D        E       F      G
               +--------+--------+--------+--------+--------+-----+--------+
         Total |   1027 |   1027 |      0 |    312 |    376 |   2 |  513.5 |
       Dungeon |   1027 |   1027 |      0 |    312 |    376 |   2 |  513.5 |
               +--------+--------+--------+--------+--------+-----+--------+

Top non-repeatable levels by time:
     D:1: 990 daAuts
     D:2: 36 daAuts
